 Dungeon Crawl Stone Soup version 0.27.1-2-g3b301248ec (webtiles) character file.

Game seed: 6705261620331548835

122 Rickety the Chopper (level 5, 0/46 HPs)
             Began as a Hill Orc Fighter on Sept 25, 2021.
             Was an Initiate of Beogh.
             Slain by a gnoll shaman (10 damage)
             ... on level 4 of the Dungeon.
             The game lasted 00:03:46 (2785 turns).

Rickety the Chopper (Hill Orc Fighter)              Turns: 2785, Time: 00:03:47

Health: 0/46       AC:  8    Str: 20    XL:     5   Next: 6%
Magic:  5/5        EV:  7    Int:  8    God:    Beogh [......]
Gold:   25         SH:  9    Dex: 10    Spells: 4/4 levels left

rFire    . . .     SeeInvis .   a - +0 war axe
rCold    . . .     Faith    .   c - +0 kite shield
rNeg     . . .     Spirit   .   b - +0 scale mail
rPois    .         Reflect  .   (no helmet)
rElec    .         Harm     .   (no cloak)
rCorr    .         Rampage  .   (no gloves)
Will     .....                  k - +0 pair of boots
Stlth    ..........             (no amulet)
HPRegen  0.15/turn              (no ring)
MPRegen  0.09/turn              (no ring)

@: no status effects
A: no striking features
a: Renounce Religion


You were on level 4 of the Dungeon.
You worshipped Beogh.
Beogh was noncommittal.
You visited 1 branch of the dungeon, and saw 5 of its levels.

You collected 91 gold pieces.
You spent 66 gold pieces at shops.

Inventory:

Hand Weapons
 a - a +0 war axe (weapon)
Armour
 b - a +0 scale mail (worn)
 c - a +0 kite shield (worn)
 k - a +0 pair of boots (worn)
 l - a +2 leather armour of positive energy
Scrolls
 e - 2 scrolls of blinking {unknown}
 g - 6 scrolls of identify
 i - 2 scrolls of enchant armour {unknown}
 m - a scroll of amnesia {unknown}
Potions
 d - a potion of might
 f - 2 potions of heal wounds
 h - a potion of mutation {unknown}
 j - a potion of curing {unknown}


   Skills:
 + Level 4.1 Fighting
 * Level 5.1 Axes
 + Level 3.8 Armour
 + Level 0.2 Dodging
 + Level 3.9 Shields


You had 4 spell levels left.
You didn't know any spells.
Your spell library contained the following spells:

 Spells                   Type           Power      Damage    Failure   Level
 Apportation              Tloc           0%         N/A       99%         1
 Alistair's Intoxication  Tmut/Pois      0%         N/A       100%        5
 Borgnjor's Vile Clutch   Necr/Erth      0%         N/A       100%        5
 Eringya's Noxious Bog    Tmut/Pois      0%         N/A       100%        6
 Invisibility             Hex            0%         N/A       100%        6


Dungeon Overview and Level Annotations

Branches:
Dungeon (5/15)
 Temple: D:4-7

Altars:

Shops:
D:3 *

Annotations:
D:3 Sigmund


Message History

The gnoll hits you from afar with a +0 spear.
You block the gnoll's attack.
The orc priest hits the gnoll with a +1 short sword of venom.
The gnoll dies!
You have reached level 5!
You feel stronger. The gnoll barely misses you.
The gnoll barely misses the orc priest.
You block the gnoll's attack.
The orc priest hits the gnoll shaman with a +0 club.
The gnoll hits you from afar with a +0 spear.
The gnoll hits you with a +0 flail!
You hit the gnoll shaman.
The gnoll shaman is heavily wounded.
You slash the gnoll! You block the gnoll's attack.
The orc priest hits the gnoll with a +0 club.
You block the gnoll's attack. The gnoll hits you with a +0 flail.
The gnoll closely misses you.
The orc priest hits the gnoll with a +0 club.
The gnoll hits you from afar with a +0 spear.
You block the gnoll's attack.
The gnoll shaman calls upon its god to heal the gnoll.
The gnoll's wounds heal themselves!
You block the gnoll's attack.
The gnoll hits the orc priest with a +0 spear.
The orc priest hits the gnoll with a +0 club.
You aren't carrying any items that you can evoke.
The orc priest barely misses the gnoll.
The gnoll hits you but does no damage. The gnoll hits you with a +0 flail.
You block the gnoll's attack.
The orc priest barely misses the gnoll.
The gnoll shaman hits you with a +0 whip.
* * * LOW HITPOINT WARNING * * *
You slash the gnoll!
You kill the gnoll!
Beogh accepts your kill.
You hit the gnoll shaman but do no damage.
The gnoll hits you from afar with a +0 spear.
* * * LOW HITPOINT WARNING * * *
The gnoll barely misses you.
The gnoll shaman hits you with a +0 whip!
You die...

#. #........
##.#####.......>
#...#...........
##.....#.........
##................
#.............?†..
########.................
.........................
........@)g..)...........
########.ggo.o...#......#
#.....)...########
#...÷............#
#.........######.†
#.[...............
#....o....########
##.......## ##.....##


You could see a gnoll shaman, 2 gnolls, a neutral orc priest, a neutral orc
wizard (wandering) and a neutral orc (wandering).

Vanquished Creatures
  2 gnolls
  5 adders
  An ufetubus (D:3)
  3 worms
  An orc (D:3)
  8 endoplasms
  2 goblins
  6 hobgoblins
  2 quokkas (D:1)
  4 ball pythons
  3 bats
  3 frilled lizards
  4 kobolds
  3 rats
47 creatures vanquished.

Vanquished Creatures (others)
  A gnoll (D:4)
  A dart slug (D:4)
  A giant cockroach (D:4)
  A kobold (D:4)
4 creatures vanquished.

Grand Total: 51 creatures vanquished

Notes
Turn   | Place    | Note
-------+----------+-------------------------------------------
     0 | D:1      | Rickety the Hill Orc Fighter began the quest for the Orb.
     0 | D:1      | Reached XP level 1. HP: 19/19 MP: 1/1
   408 | D:1      | Reached skill level 3 in Axes
   595 | D:1      | Reached XP level 2. HP: 20/27 MP: 2/2
  1127 | D:1      | Reached XP level 3. HP: 25/33 MP: 3/3
  1203 | D:1      | Found a faded altar of an unknown god.
  1983 | D:3      | Reached skill level 4 in Axes
  2037 | D:3      | Reached XP level 4. HP: 38/40 MP: 4/4
  2517 | D:3      | You fall into a shaft and drop 2 floors!
  2517 | D:5      | Entered Level 5 of the Dungeon
  2524 | D:4      | Became a worshipper of Beogh the Brigand
  2542 | D:3      | Found Fijoanid's General Store.
  2562 | D:3      | Bought 3 scrolls of identify for 66 gold pieces
  2575 | D:3      | Noticed Sigmund
  2595 | D:4      | Reached skill level 5 in Axes
  2776 | D:4      | Reached XP level 5. HP: 37/46 MP: 5/5
  2785 | D:4      | Slain by a gnoll shaman

Illustrated notes

Levels and vault maps discovered:
D:1:      dpeg_arrival_tiny_a, layout_loops_ring, basic_ecumenical_altar
D:2:      layout_rooms
D:3:      layout_basic, serial_shops, nicolae_shop_stone, uniq_sigmund
D:4:      cheibrodos_greedy_goblins, layout_rooms,
          nicolae_overflow_crystal_walls
D:5:      layout_cave_pools, overflow_temple_1_default, grunt_tough_drop

Skill      XL: |  1  2  3  4 |
---------------+-------------+-----
Axes           | 3 4 5 |  5.1
Fighting       | 4 |  4.1
Armour         | |  3.8
Dodging        | |  0.2
Shields        | |  3.9

Action                   |  1- 3 |  4- 6 || total
-------------------------+-------+-------++-------
Melee: War axe           |   114 |    49 ||   163
Invok: Convert to Beogh  |       |     1 ||     1
  Use: Scroll            |       |     1 ||     1
Armor: Scale mail        |    57 |    38 ||    95
Dodge: Dodged            |    24 |    25 ||    49
Block: Kite shield       |    55 |    48 ||   103
